 Dungeon Crawl Stone Soup version 0.22-a0-587-g7d32d7c7ae (webtiles) character file.

8470 RedPan the Geomancer (level 10, 0/74 HPs)
             Began as a Demigod Earth Elementalist on July 4, 2018.
             Killed by mirror damage (9 damage)
             ... on level 10 of the Dungeon.
             The game lasted 00:33:10 (14756 turns).

RedPan the Geomancer (Demigod Earth Elementalist)  Turns: 14756, Time: 00:33:10

Health: 0/74       AC:  8    Str: 11    XL:     10   Next: 85%
Magic:  26/38      EV: 17    Int: 23    God:
Gold:   554        SH:  0    Dex: 21    Spells: 4/22 levels left

rFire    . . .     SeeInvis .   e - staff of power
rCold    . . .     Gourm    +   (no shield)
rNeg     + . .     Faith    .   D - +1 robe {rF+}
rPois    +         Spirit   .   J - +0 helmet
rElec    .         Reflect  .   G - +0 cloak
rCorr    +         Harm     .   m - +0 pair of gloves
MR       ++...                  B - +1 pair of boots of Duathruge {rPois rF- MR+ Regen+}
Stlth    ++........             s - amulet of the gourmand
HPRegen  0.62/turn              y - +3 ring of dexterity
MPRegen  0.26/turn              C - ring "Lom Ukuo" {rCorr rN+}

@: no status effects
A: high mp 1
a: no special abilities


You were on level 10 of the Dungeon.
You were very full.

You visited 1 branch of the dungeon, and saw 12 of its levels.
You also visited: Ossuary.

You collected 644 gold pieces.
You spent 90 gold pieces at shops.

Inventory:

Hand Weapons
 f - a +1 dagger
 I - the +10 halberd of the Traitor {venom, MP+9 Int+4, unknown}
   (You found it on level 8 of the Dungeon)

   It poisons the flesh of those it strikes.
   It affects your intelligence (+4).
   It affects your magic capacity (+9).
Missiles
 b - 164 stones (quivered)
Armour
 k - a +1 pair of boots
 m - a +0 pair of gloves (worn)
 B - the +1 pair of boots of Duathruge (worn) {rPois rF- MR+ Regen+}
   (You found it on level 6 of the Dungeon)

   It makes you vulnerable to fire.
   It protects you from poison.
   It affects your resistance to hostile enchantments.
   It increases your rate of regeneration.
 D - a +1 robe of fire resistance (worn)
 G - a +0 cloak (worn)
 J - a +0 helmet (worn)
Magical Staves
 e - an uncursed staff of power (weapon)
Jewellery
 s - an amulet of the gourmand (around neck)
 u - an uncursed ring of see invisible
 y - a +3 ring of dexterity (left hand)
 C - the ring "Lom Ukuo" (right hand) {rCorr rN+}
   (You found it on level 5 of the Dungeon)

   [ring of resist corrosion]

   It protects you from negative energy.
 F - an uncursed ring of resist corrosion
 H - an uncursed ring of protection from cold {unknown}
 M - an uncursed ring of ice {unknown}
Wands
 c - a wand of flame (26)
 o - a wand of enslavement (19)
 K - a wand of iceblast (9)
Scrolls
 l - 6 scrolls of fog
 r - 4 scrolls of remove curse
 E - a scroll of enchant weapon
Potions
 a - 3 potions of mutation
 g - 3 potions of magic
 h - 2 potions of haste
 i - 3 potions of invisibility
 j - 3 potions of lignification
 n - 2 potions of resistance
 p - a potion of might {unknown}
 q - 4 potions of brilliance
 t - 2 potions of agility
 v - 3 potions of curing
 w - a potion of flight {unknown}
 x - a potion of berserk rage {unknown}
 z - a potion of heal wounds {unknown}
 A - a potion of degeneration {unknown}
Comestibles
 d - 24 rations


   Skills:
 + Level 2.3 Fighting
 - Level 4.0 Staves
 + Level 6.5 Dodging
 - Level 1.7 Stealth
 + Level 6.6 Spellcasting
 - Level 6.0 Conjurations
 + Level 2.6 Transmutations
 + Level 9.8 Earth Magic
 + Level 2.2 Poison Magic


You had 4 spell levels left.
You knew the following spells:

 Your Spells              Type           Power        Failure   Level  Hunger
a - Sandblast             Erth           ######       1%          1    None
b - Passwall              Tmut/Erth      #####...     1%          2    None
c - Stone Arrow           Conj/Erth      #####.       1%          3    None
d - Lee's Rapid Deconstr  Erth           ######....   3%          5    #####..
e - Petrify               Tmut/Erth      #####...     6%          4    ###....
f - Mephitic Cloud        Conj/Pois/Air  ###.....     8%          3    None

Your spell library contained the following spells:

 Spells                   Type           Power        Failure   Level  Hunger
 Magic Dart               Conj           ####         1%          1    None
 Conjure Flame            Conj/Fire      ###.....     7%          3    None
 Slow                     Hex            #.......     12%         2    None
 Blink                    Tloc           N/A          12%         2    None
 Call Imp                 Summ           #.......     12%         2    None
 Spider Form              Tmut/Pois      ###.......   9%          3    None
 Blade Hands              Tmut           ###.......   58%         5    #####..
 Ice Form                 Ice/Tmut       ##......     43%         4    ###....
 Sticks to Snakes         Tmut           ###.....     4%          2    None
 Beastly Appendage        Tmut           ###...       2%          1    None


Dungeon Overview and Level Annotations

Branches:
Dungeon (12/15)            Temple (0/1) D:7             Orc (0/2) D:10
   Lair: D:8-11

Shops:
D:5 %

Annotations:
D:6 1 transporter
D:11 exclusion: ugly thing


Innate Abilities, Weirdness & Mutations

You have an increased reservoir of magic. (+10% MP)


Message History

You easily resist.
Casting: Sandblast (safe; 1% risk of failure)
Confirm with . or Enter, or press ? or * to list all spells.
Aiming: Sandblast (safe; 1% risk of failure)
Press: ? - help, Shift-Dir - straight line, f/p - death knight
Aim: a death knight, wielding a battleaxe and wearing a chain mail (almost dead, reflecting injuries)
The blast of sand misses the death knight.
b - 165 stones The death knight barely misses you.
Casting: Sandblast (safe; 1% risk of failure)
Confirm with . or Enter, or press ? or * to list all spells.
Aiming: Sandblast (safe; 1% risk of failure)
Press: ? - help, Shift-Dir - straight line, f/p - death knight
Aim: a death knight, wielding a battleaxe and wearing a chain mail (almost dead, reflecting injuries)
The blast of sand hits the death knight.
You kill the death knight!
Your Poison Magic skill increases to level 2!
b - 164 stones Your damage is reflected back at you!
You die...

#...#...#.......#
#...#...#.......#
#...#####.(.....#
#...............#
#.#'####.)#######
#.#....#..# #.#....#..# .
#.#....#..# .. #@#....#..#
.... #)######..# ....######
###.........# .........#
#...........#
.........####...........####
....y......................#
...........................#
.................##........#
.........(.......#.........#


There were no monsters in sight!

Vanquished Creatures
  Harold (D:10)
  A hydra (D:8)
  A death knight (D:10)
  Maurice (D:8)
  2 dream sheep (D:8)
  A vampire (D:10)
  2 wraiths
  2 yaks (D:8)
  A water moccasin (D:6)
  3 orc warriors
  A phantom (D:4)
  4 sky beasts
  A black bear (D:9)
  A hornet zombie (D:7)
  An ice beast (D:6)
  6 ogres
  2 centaurs
  5 big kobolds
  2 bullfrogs
  Blork the orc (D:5)
  A wyvern skeleton (D:12)
  8 scorpions
  A killer bee (D:10)
  6 howler monkeys
  A bullfrog zombie (D:9)
  6 centaur zombies
  A crimson imp (D:8)
  6 hounds
  3 human zombies (Ossuary)
  5 orc priests
  A bullfrog skeleton (D:5)
  Natasha (thrice) (D:2)
  7 iguanas
  12 orc wizards
  8 worker ants
  3 big kobold zombies (Ossuary)
  4 mummies
  3 worker ant zombies
  11 gnolls
  3 scorpion zombies (Ossuary)
  15 adders
  A shadow imp (D:9)
  2 worms
  4 dart slugs
  5 leopard geckos
  44 orcs
  2 ball pythons
  7 bats
  7 giant cockroaches
  15 goblins
  11 hobgoblins
  8 jackals
  5 quokkas
  3 frilled lizards
  4 gnoll zombies (Ossuary)
  2 goblin zombies
  19 kobolds
  3 kobold zombies
  A leopard gecko zombie (D:8)
  9 rats
299 creatures vanquished.

Notes
Turn   | Place    | Note
-------+----------+-------------------------------------------
     0 | D:1      | RedPan the Demigod Earth Elementalist began the quest for the Orb.
     0 | D:1      | Reached XP level 1. HP: 14/14 MP: 5/5
   137 | D:1      | Reached skill level 3 in Earth Magic
   435 | D:1      | Reached XP level 2. HP: 19/20 MP: 7/7
   665 | D:1      | Learned a level 2 spell: Passwall
  1555 | D:2      | Reached XP level 3. HP: 24/26 MP: 9/9
  1579 | D:2      | Learned a level 3 spell: Stone Arrow
  1719 | D:2      | Noticed Natasha
  1739 | D:2      | Killed Natasha
  1836 | D:2      | Noticed Natasha
  1842 | D:2      | Killed Natasha
  1842 | D:2      | Reached skill level 1 in Staves
  1842 | D:2      | Reached XP level 4. HP: 33/33 MP: 10/10
  1862 | D:2      | Found a sparkling altar of Nemelex Xobeh.
  1862 | D:2      | Found a bloodstained altar of Trog.
  1862 | D:2      | Found a deep blue altar of Sif Muna.
  1999 | D:2      | Reached skill level 4 in Earth Magic
  2201 | D:2      | Noticed Natasha
  2206 | D:2      | Killed Natasha
  2206 | D:2      | Reached skill level 1 in Conjurations
  2855 | D:3      | Found a faded altar of an unknown god.
  2871 | D:3      | Reached XP level 5. HP: 38/38 MP: 12/12
  4467 | D:3      | Found an iron altar of Okawaru.
  4857 | D:4      | Reached XP level 6. HP: 45/45 MP: 13/13
  5089 | D:4      | Reached skill level 5 in Earth Magic
  5617 | D:4      | Reached XP level 7. HP: 34/50 MP: 9/15
  5859 | D:5      | Entered Level 5 of the Dungeon
  6219 | D:5      | Found Woferhie's Food Boutique.
  6346 | D:5      | Found a sand-covered staircase.
  6394 | Ossuary  | Entered an ossuary
  6660 | Ossuary  | Reached skill level 6 in Earth Magic
  7137 | Ossuary  | Reached XP level 8. HP: 43/57 MP: 14/17
  8021 | D:5      | Got a sparkling wooden ring
  8023 | D:5      | Identified the ring "Lom Ukuo" {rCorr rN+} (You found it on level 5 of the Dungeon)
  8029 | D:5      | Noticed Blork the orc
  8037 | D:5      | Killed Blork the orc
  8551 | D:5      | Learned a level 5 spell: Lee's Rapid Deconstruction
  8556 | D:5      | Learned a level 4 spell: Petrify
  8570 | D:6      | Got a pair of fine boots
  8581 | D:6      | Identified the +1 pair of boots of Duathruge {rPois rF- MR+ Regen+} (You found it on level 6 of the Dungeon)
  8720 | D:6      | Reached skill level 7 in Earth Magic
  9266 | D:6      | Found a sparkling altar of Nemelex Xobeh.
  9267 | D:6      | Found a transporter.
  9267 | D:6      | Noticed an efreet
  9587 | D:6      | Reached XP level 9. HP: 62/62 MP: 19/19
 10175 | D:7      | Reached skill level 5 in Spellcasting
 10485 | D:7      | Reached skill level 8 in Earth Magic
 10841 | D:7      | Found a staircase to the Ecumenical Temple.
 10871 | D:7      | Reached skill level 5 in Conjurations
 10998 | D:7      | Reached skill level 5 in Dodging
 11560 | D:8      | Found a shattered altar of Ashenzari.
 11647 | D:8      | Found Zin's Purification Station.
 11688 | D:8      | Found a glowing silver altar of Zin.
 11691 | D:8      | Bought a potion of curing for 90 gold pieces
 11781 | D:8      | Found a shadowy altar of Dithmenos.
 12041 | D:8      | Noticed Maurice
 12049 | D:8      | Killed Maurice
 12603 | D:8      | Reached skill level 9 in Earth Magic
 12700 | D:8      | Reached XP level 10. HP: 69/69 MP: 22/22
 12737 | D:8      | Noticed a two-headed hydra
 12741 | D:8      | Killed a two-headed hydra
 12749 | D:8      | Got a translucent halberd
 13207 | D:9      | Reached skill level 1 in Transmutations
 13518 | D:9      | Learned a level 3 spell: Mephitic Cloud
 13709 | D:9      | Reached skill level 1 in Fighting
 13805 | D:9      | You fall through a shaft for 3 floors!
 14070 | D:11     | Noticed a purple ugly thing
 14167 | D:11     | Reached skill level 1 in Poison Magic
 14385 | D:10     | Entered Level 10 of the Dungeon
 14388 | D:10     | Found a staircase to the Orcish Mines.
 14591 | D:10     | Found a shadowy altar of Dithmenos.
 14634 | D:10     | Noticed Harold
 14634 | D:10     | Noticed a death knight
 14673 | D:10     | Killed Harold
 14756 | D:10     | Killed a death knight
 14756 | D:10     | Killed by mirror damage

Vault maps used:
D:1:      dpeg_arrival_court, serial_forest, infiniplex_forest_zigzag_2,
          infiniplex_forest_end_3, infiniplex_forest_straight_4,
          infiniplex_forest_lined_room_2, infiniplex_forest_diagonal,
          infiniplex_forest_zigzag_1, infiniplex_forest_straight_5,
          minmay_misc_feat_ornament
D:2:      cheibrodos_greedy_goblins, gammafunk_temple_overflow_forgotten,
          uniq_natasha
D:3:      first_ration, chequers_ecumenical_altar_twisty,
          okawaru_metal_pillars_3
D:5:      serial_shops, kennysheep_mini, nicolae_ossuary_entry_giza,
          minmay_misc_feat_roman, uniq_blork_the_orc
D:6:      minmay_misc_feat_pillars, grunt_nemelex_the_gamble
D:7:      minmay_temple_entry_junction_2
D:8:      zin_purify, marbit_many_paths, overflow_temple_1_default,
          hangedman_ranch, uniq_maurice
D:9:      lemuel_blue_sif_altar
D:10:     david_lair_generic, orc_0_dummy,
          nicolae_dithmenos_through_a_glass_darkly, uniq_snorg, uniq_harold
D:12:     nicolae_trove_entry_free_sample, david_defended_altar_elf
Ossuary:  ossuary_minmay_scorpions

Skill      XL: |  1  2  3  4  5  6  7  8  9 10 |
---------------+-------------------------------+-----
Earth Magic    | 3 4 5 6 7 9 |  9.8
Spellcasting   | 2 3 4 5 6 |  6.6
Staves         | 1 2 3 4 |  4.0
Conjurations   | 1 2 3 4 5 6 |  6.0
Dodging        | 2 3 4 5 6 |  6.5
Transmutations | 2 |  2.6
Fighting       | 2 |  2.3
Poison Magic   | 2 |  2.2
Stealth        | |  1.7

Action                   |  1- 3 |  4- 6 |  7- 9 | 10-12 || total
-------------------------+-------+-------+-------+-------++-------
Melee: Club              |    34 |       |       |       ||    34
       Unarmed           |     7 |       |       |       ||     7
       Staff             |    10 |    88 |    59 |     8 ||   165
 Cast: Sandblast         |    26 |    43 |    81 |    63 ||   213
       Stone Arrow       |       |    77 |   221 |    51 ||   349
       Petrify           |       |       |       |     1 ||     1
  Use: Scroll            |     1 |     6 |    10 |       ||    17
       Potion            |       |     1 |     1 |       ||     2
 Stab: Sleeping          |     2 |     3 |     2 |       ||     7
       Distracted        |       |       |     1 |       ||     1
  Eat: Ration            |     1 |       |       |       ||     1
       Chunk             |       |    28 |    31 |     8 ||    67
Armor: Robe              |    19 |    35 |    32 |     5 ||    91
Dodge: Dodged            |    39 |    83 |   116 |    33 ||   271

Table legend:
 A = Spawn XP
 B = Non-spawn XP
 C = Spawn XP percentage of total XP
 D = Spawn monster count
 E = Non-spawn monster count
 F = Spawn count percentage of total count
 G = Total turns spent on level
                    A         B        C        D         E        F      G
               +---------+---------+-------+---------+---------+-------+---------
         Total |       0 |   12100 |   0.0 |       0 |     299 |   0.0 | 14756
               +---------+---------+-------+---------+---------+-------+---------
           D:1 |       0 |      31 |   0.0 |       0 |      19 |   0.0 |  1360
           D:2 |       0 |     190 |   0.0 |       0 |      34 |   0.0 |  1438
           D:3 |       0 |     185 |   0.0 |       0 |      31 |   0.0 |  1904
           D:4 |       0 |     481 |   0.0 |       0 |      26 |   0.0 |  1157
           D:5 |       0 |     669 |   0.0 |       0 |      23 |   0.0 |  1205
           D:6 |       0 |     929 |   0.0 |       0 |      26 |   0.0 |  1239
           D:7 |       0 |    1397 |   0.0 |       0 |      30 |   0.0 |  1392
           D:8 |       0 |    3159 |   0.0 |       0 |      34 |   0.0 |  1777
           D:9 |       0 |     947 |   0.0 |       0 |      15 |   0.0 |   839
          D:10 |       0 |    2183 |   0.0 |       0 |       5 |   0.0 |   371
          D:11 |       0 |     568 |   0.0 |       0 |      16 |   0.0 |   412
          D:12 |       0 |     463 |   0.0 |       0 |      10 |   0.0 |   168
       Ossuary |       0 |     898 |   0.0 |       0 |      30 |   0.0 |  1494
               +---------+---------+-------+---------+---------+-------+---------
